 Dungeon Crawl Stone Soup version 0.22.1 (webtiles) character file.

203 MalarOregon the Skirmisher (level 5, -2/47 HPs)
             Began as a Hill Orc Fighter on Sept 17, 2018.
             Was an Initiate of Makhleb.
             Slain by a killer bee (5 damage)
             ... on level 3 of the Dungeon.
             The game lasted 00:05:18 (2982 turns).

MalarOregon the Skirmisher (Hill Orc Fighter)       Turns: 2982, Time: 00:05:18

Health: -2/47      AC:  8    Str: 27    XL:     5   Next: 81%
Magic:  0/5        EV:  7    Int:  9    God:    Makhleb [......]
Gold:   132        SH: 10    Dex: 10    Spells: 4/4 levels left

rFire    . . .     SeeInvis .   a - +0 war axe
rCold    . . .     Gourm    .   c - +0 shield
rNeg     . . .     Faith    .   b - +0 scale mail
rPois    .         Spirit   +   (no helmet)
rElec    .         Reflect  .   (no cloak)
rCorr    .         Harm     .   (no gloves)
MR       .....                  n - +0 pair of boots
Stlth    ..........             x - amulet of guardian spirit
HPRegen  0.15/turn              y - +3 ring of strength
MPRegen  0.09/turn              k - ring of wizardry

@: mighty, lethally poisoned (-2 -> -3), very slightly contaminated, invisible
(expiring)
A: no striking features
a: Renounce Religion


You were on level 3 of the Dungeon.
You worshipped Makhleb.
Makhleb was noncommittal.
You were not hungry.

You visited 1 branch of the dungeon, and saw 3 of its levels.

You collected 132 gold pieces.

Inventory:

Hand Weapons
 a - a +0 war axe (weapon)
Armour
 b - a +0 scale mail (worn)
 c - a +0 shield (worn)
 n - a +0 pair of boots (worn)
   (You found it on level 1 of the Dungeon)
Jewellery
 k - a ring of wizardry (right hand)
   (You found it on level 1 of the Dungeon)
 x - an amulet of guardian spirit (around neck)
   (You found it on level 3 of the Dungeon)
 y - a +3 ring of strength (left hand)
   (You found it on level 3 of the Dungeon)
Wands
 z - a wand of clouds (7)
   (You found it on level 3 of the Dungeon)
Scrolls
 i - 2 scrolls of blinking {unknown}
 j - a scroll of enchant armour {unknown}
 m - a scroll of magic mapping {unknown}
 o - a scroll of fog {unknown}
 q - 2 scrolls of teleportation {unknown}
 u - 2 scrolls of remove curse {unknown}
 w - a scroll of amnesia {unknown}
Potions
 f - a potion of cancellation
 g - 2 potions of lignification {unknown}
 r - a potion of agility {unknown}
 t - a potion of ambrosia {unknown}
 v - a potion of berserk rage
 A - a potion of curing {unknown}
Comestibles
 e - 3 rations {!d}
 p - 2 chunks of flesh


   Skills:
 + Level 4.9 Fighting
 + Level 4.4 Axes
 + Level 4.3 Armour
 + Level 4.4 Shields
 + Level 1.0 Invocations


You had 4 spell levels left.
You didn't know any spells.
Your spell library was empty.

Dungeon Overview and Level Annotations

Branches:
Dungeon (3/15)

Altars:
Fedhas
Makhleb
Vehumet
Yredelemnul


Message History

The killer bee poisons you!
You catch the helpless hippogriff completely off-guard!
You hit the hippogriff. You closely miss the black bear.
You miss the killer bee.
You feel sick. You block the killer bee's attack.
You block the black bear's attack. The black bear claws you.
* * * LOW HITPOINT WARNING * * *
The black bear barely misses you. You block the killer bee's attack.
The hippogriff bites you.
* * * LOW HITPOINT WARNING * * *
The hippogriff completely misses you. The hippogriff claws you.
* * * LOW HITPOINT WARNING * * *
The black bear closely misses you. The black bear barely misses you.
The black bear claws you but does no damage.
Unknown command.
You feel sick. The killer bee barely misses you.
The killer bee stings you but does no damage.
You feel sick. The killer bee barely misses you.
The killer bee barely misses you.
You feel sick. The killer bee barely misses you.
The killer bee closely misses you.
You see here 8 gold pieces.
You now have 114 gold pieces (gained 8).
You feel sick. You block the killer bee's attack.
The killer bee stings you but does no damage.
The killer bee closely misses you.
The howler monkey skeleton barely misses you.
The bullfrog closely misses you.
You see here 18 gold pieces.
You now have 132 gold pieces (gained 18).
You feel sick. The killer bee barely misses you. The killer bee stings you.
* * * LOW HITPOINT WARNING * * *
The bullfrog hits you.
* * * LOW HITPOINT WARNING * * *
Unknown command.
The killer bee stings you.
* * * LOW HITPOINT WARNING * * *
You see here 6 gold pieces.
You block the killer bee's attack.
You feel sick. The killer bee barely misses you.
You block the bullfrog's attack. The killer bee closely misses you.
The bullfrog hits you.
* * * LOW HITPOINT WARNING * * *
You flicker for a moment.
The killer bee closely misses you.
There is a transporter here.
You enter the transporter and appear at another place.
You feel sick. The killer bee stings you.
* * * LOW HITPOINT WARNING * * *
The killer bee stings you.
You die...

......................)...# #.#
##........................####'##
##.#.########....................
............'.....#########......
##...########....##.......##.....
#...# #....#8..#.#..8#.#+##
##...##########+.#$%#...#..#.#.##
..............)..#.(.......#.....
##..............@#_.....©..#©...#
.........######.y#.........#.....
.....##### #..#$H#...#..#....#
.....# #..#8.h#.#..8#..... ##.#.#
########..##.ZF§...##.#### #.#.#
#..........#########......
##.#.###.####...............#....
.......#.# #........##..........
...#.#.#.####...<................


You could see a hippogriff, a black bear, a bullfrog, a killer bee and a howler
monkey skeleton.

Vanquished Creatures
  An orc wizard (D:2)
  7 adders
  4 gnolls
  An ooze (D:3)
  A worm (D:2)
  A dart slug (D:1)
  A leopard gecko (D:2)
  2 orcs
  6 giant cockroaches
  9 goblins
  10 hobgoblins
  A quokka (D:3)
  2 ball pythons (D:2)
  9 bats
  2 frilled lizards
  2 kobolds (D:2)
  3 rats
62 creatures vanquished.

Notes
Turn   | Place    | Note
-------+----------+-------------------------------------------
     0 | D:1      | MalarOregon the Hill Orc Fighter began the quest for the
                  | Orb.
     0 | D:1      | Reached XP level 1. HP: 19/19 MP: 1/1
    81 | D:1      | Reached XP level 2. HP: 23/27 MP: 2/2
   866 | D:1      | Reached XP level 3. HP: 9/33 MP: 3/3
  1096 | D:2      | Reached XP level 4. HP: 16/41 MP: 4/4
  1381 | D:2      | Found a radiant altar of Vehumet.
  1751 | D:3      | Found a burning altar of Makhleb.
  1772 | D:2      | Reached XP level 5. HP: 12/47 MP: 5/5
  2031 | D:3      | Became a worshipper of Makhleb the Destroyer
  2036 | D:3      | Found a blossoming altar of Fedhas.
  2036 | D:3      | Noticed a black bear
  2040 | D:3      | Noticed a hippogriff
  2041 | D:3      | Found a transporter.
  2242 | D:3      | Found a transporter.
  2801 | D:3      | Reached skill level 1 in Invocations
  2805 | D:3      | Found a basalt altar of Yredelemnul.
  2982 | D:3      | Slain by a killer bee

Skill      XL: |  1  2  3  4  5 |
---------------+----------------+-----
Axes           | 3 4 |  4.4
Fighting       | 4 |  4.9
Armour         | 4 |  4.3
Shields        | 4 |  4.4
Invocations    | 1 |  1.0

Action                   |  1- 3 |  4- 6 || total
-------------------------+-------+-------++-------
Melee: War axe           |    67 |   165 ||   232
  Use: Scroll            |       |     5 ||     5
       Potion            |       |     2 ||     2
 Stab: Invisible         |       |     1 ||     1
  Eat: Chunk             |       |     7 ||     7
Armor: Scale mail        |    40 |   113 ||   153
Dodge: Dodged            |    21 |    89 ||   110
Block: Shield            |    38 |   118 ||   156
